Map: Data-C

Players

Rattata (Vanya) - Winner!

  • Race: Zerg Zerg
  • League: Master
  • Spawn Location: 9:00

trigger

  • Race: Protoss Protoss
  • League: Grandmaster
  • Spawn Location: 3:00

VOD

Have the link to the VOD?

Description

Time

  • Played on: Oct. 19, 2022, 12:20 p.m.
  • Length: 10:22
Show
View Real Time Build Order
Export as new Build Order

Rattata Zerg - Winner!

Build Orders: Hatch First 

Get SALT Encoding   

  12  0:00  Drone  
  13  0:12  Overlord  
  13  0:17  Drone  
  14  0:30  Drone  
  14  0:31  Drone  
  16  0:48  Hatchery  
  15  0:51  Drone  
  15  0:54  Drone  
  17  0:58  Drone  
  18  1:09  Extractor  
  17  1:13  Spawning Pool  
  17  1:17  Drone  
  17  1:20  Drone  
  18  1:28  Drone  
  19  1:38  Drone  
  20  1:50  Drone  
  21  1:59  Queen  
  21  2:00  Zergling x2, Queen  
  21  2:01  Overlord  
  26  2:12  Drone  
  26  2:13  Drone  
  26  2:14  Metabolic Boost  
  28  2:22  Drone x2  
  30  2:36  Hatchery  
  29  2:38  Drone  
  29  2:40  Drone  
  31  2:45  Queen  
  31  2:51  Overlord  
  33  2:53  Drone  
  33  2:55  Zergling x2  
  33  2:57  Drone  
  36  3:08  Queen, Overlord  
  36  3:11  Drone x2  
  41  3:12  Drone  
  41  3:15  Drone  
  42  3:21  Queen  
  44  3:28  Spore Crawler  
  44  3:30  Overlord  
  43  3:34  Drone x3  
  46  3:43  Overlord  
  46  3:49  Queen  
  46  3:50  Drone x2  
  46  3:53  Drone x4  
  54  3:58  Roach Warren  
  53  4:03  Drone x3  
  56  4:10  Overlord  
  56  4:13  Zergling x4  
  56  4:14  Zergling x2, Spore Crawler  
  58  4:20  Zergling x4, Overlord  
  60  4:29  Drone, Extractor  
  60  4:30  Drone x4, Extractor  
  63  4:36  Drone x5  
  68  4:41  Lair  
  68  4:45  Overlord  
  68  4:52  Overlord  
  68  4:57  Drone x3  
  71  5:05  Roach x6  
  83  5:07  Overlord  
  83  5:13  Overlord  
  83  5:17  Overlord  
  83  5:20  Extractor  
  83  5:21  Zergling x14  
  90  5:22  Zergling x2  
  90  5:31  Ravager x3, Overlord  
  90  5:32  Overlord  
  90  5:34  Roach  
  90  5:35  Roach x2  
  97  5:39  Zergling x4  
  97  5:42  Queen, Ravager  
  100  5:44  Zergling x2  
  100  5:45  Zergling x4  
  105  5:52  Zergling x2, Roach x3  
  110  5:59  Zergling x6, Roach  
  110  6:00  Roach  
  108  6:05  Zergling x4, Roach  
  108  6:08  Queen  
  96  6:12  Roach  
  96  6:13  Roach x2  
  96  6:16  Roach x2  
  100  6:25  Queen x2  
  96  6:27  Zergling x6  
  97  6:34  Ravager  
  97  6:35  Zergling x2  
  97  6:36  Zergling x6  
  98  6:44  Queen  
  98  6:45  Zergling x2  
  98  6:46  Zergling x2, Roach x2  
  96  6:53  Roach x3  
  97  6:54  Ravager  
  97  6:55  Zergling x4  
  97  7:00  Roach x3  
  97  7:01  Queen  
  99  7:07  Queen  
  97  7:08  Roach x2  
  97  7:09  Zergling x2  
  97  7:10  Zergling x2  
  94  7:17  Zergling x2  
  94  7:18  Zergling x2, Roach x2  
  94  7:22  Ravager  
  96  7:23  Zergling x10  
  95  7:32  Zergling x2  
  95  7:36  Zergling x2, Roach  
  82  7:40  Zergling x4  
  70  7:51  Ravager  
  71  7:56  Drone x2  
  72  8:06  Roach x3  
  72  8:11  Zergling x8  
  79  8:16  Zergling x6  
  79  8:18  Ravager  
  81  8:24  Zergling x8  
  84  8:30  Zergling x2, Roach  
  84  8:33  Zergling x2, Roach  
  88  8:40  Zergling x8  
  82  8:43  Zergling x2  
  82  8:44  Zergling x2  
  82  8:47  Zergling x4  
  83  8:51  Zergling x6  
  83  8:54  Glial Reconstitution  
  84  8:58  Drone  
  82  9:04  Drone x4  
  82  9:08  Roach x2  
  89  9:12  Ravager  
  89  9:13  Ravager  
  89  9:14  Zergling x4  
  93  9:19  Zergling x6  
  93  9:23  Ravager  
  97  9:25  Zergling x2  
  97  9:30  Roach x3  
  103  9:32  Roach  
  103  9:36  Zergling x4, Roach  
  103  9:37  Zergling x2  
  110  9:45  Roach x3  
  113  9:52  Zergling x4, Roach x2  
  119  9:59  Overlord  
  117  10:02  Roach x3  
Show
View Real Time Build Order
Export as new Build Order

trigger Protoss 

Build Orders: 1 Gate Expand, Colossus Rush 

Get SALT Encoding   

  12  0:00  Probe  
  13  0:12  Probe  
  14  0:19  Pylon  
  14  0:24  Probe (Chrono Boost)  
  15  0:38  Gateway  
  15  0:39  Probe (Chrono Boost)  
  16  0:44  Probe (Chrono Boost)  
  16  0:47  Assimilator  
  17  0:54  Probe  
  18  1:06  Probe  
  19  1:18  Probe  
  19  1:24  Nexus  
  20  1:35  Cybernetics Core  
  20  1:36  Probe  
  21  1:46  Assimilator  
  21  1:48  Probe  
  22  1:55  Pylon  
  22  2:00  Probe  
  23  2:12  Warp Gate  
  23  2:13  Adept, Probe (Chrono Boost)  
  27  2:23  Probe (Chrono Boost)  
  27  2:27  Probe (Chrono Boost)  
  27  2:28  Robotics Facility  
  28  2:39  Probe x2 (Chrono Boost)  
  30  2:44  Stalker  
  30  2:47  Probe x2 (Chrono Boost)  
  34  2:52  Probe (Chrono Boost)  
  34  2:54  Probe  
  36  3:04  Probe (Chrono Boost)  
  37  3:05  Gateway  
  37  3:08  Probe (Chrono Boost)  
  38  3:16  Probe (Chrono Boost)  
  38  3:17  Robotics Bay  
  38  3:19  Observer  
  41  3:22  Probe (Chrono Boost)  
  41  3:23  Probe (Chrono Boost)  
  41  3:24  Pylon  
  42  3:30  Probe x2  
  44  3:35  Assimilator  
  44  3:39  Warp Prism (Chrono Boost)  
  44  3:42  Probe x2  
  48  3:49  Pylon  
  49  3:58  Gateway  
  49  4:00  Gateway  
  48  4:04  Disruptor (Chrono Boost)  
  48  4:05  Sentry  
  53  4:10  Gateway  
  53  4:14  Gateway  
  53  4:17  Zealot  
  53  4:21  Pylon  
  53  4:23  Gateway  
  55  4:25  Gateway  
  55  4:34  Colossus (Chrono Boost)  
  61  4:39  Sentry  
  61  4:41  Zealot  
  65  4:48  Pylon  
  65  4:52  Zealot  
  65  4:58  Zealot  
  69  5:07  Pylon  
  69  5:10  Zealot x4, Pylon  
  69  5:12  Observer  
  77  5:26  Pylon  
  77  5:38  Stalker x4  
  77  5:39  Stalker x2  
  77  5:42  Stalker  
  91  5:48  Observer  
  91  5:49  Stalker  
  91  6:08  Stalker  
  91  6:09  Stalker x4  
  85  6:25  Zealot, Stalker x2  
  84  6:32  Zealot x4  
  82  6:53  Zealot x4, Stalker x2  
  82  7:18  Stalker  
  82  7:19  Stalker x5  
  82  7:20  Zealot  
  89  7:23  Zealot  
  51  7:55  Stalker x7  
  65  7:59  Stalker  
  65  8:02  Assimilator  
  67  8:19  Zealot, Stalker x3  
  75  8:20  Zealot x3  
  59  8:55  Stalker  
  59  8:56  Stalker x5  
  69  9:04  Stalker  
  69  9:09  Stalker  
  73  9:14  Pylon  
  73  9:23  Stalker x3  
  73  9:24  Zealot x2  
  83  9:47  Stalker x5  
Tags
 
Add a new tag
Caveats
  • Supply blocks, unpowered buildings, or Contaminate may cause inaccurate times.
  • Supply counts are checked every 10 seconds.